 Dungeon Crawl Stone Soup version 0.28-a0-1638-g9123634e07 (webtiles) character file.

Game seed: 11738721638555149320

40 cheechan the Skirmisher (level 3, -2/29 HPs)
             Began as a Demonspawn Chaos Knight on Jan 25, 2022.
             Was a Plaything of Xom.
             Slain by a goblin (3 damage)
             ... on level 1 of the Dungeon.
             The game lasted 00:01:57 (419 turns).

cheechan the Skirmisher (Demonspawn Chaos Knight)    Turns: 419, Time: 00:01:57

Health: -2/29      AC:  5    Str: 14    XL:     3   Next: 30%
Magic:  3/3        EV: 11    Int: 19    God:    Xom [..*...]
Gold:   45         SH:  0    Dex: 12    Spells: 2/2 levels left

rFire   . . .      SeeInvis .   a - +0 hand axe (chaos)
rCold   . . .      Faith    .   (no shield)
rNeg    . . .      Spirit   .   b - +2 leather armour
rPois   .          Reflect  .   (helmet restricted)
rElec   .          Harm     .   (no cloak)
rCorr   .          Rampage  .   (no gloves)
Will    .....                   (no boots)
Stlth   +.........              (no amulet)
HPRegen 0.09/turn               g - +6 ring of intelligence
MPRegen 0.08/turn               (no ring)

@: no status effects
A: horns 1
a: Renounce Religion


You were on level 1 of the Dungeon.
You worshipped Xom.
You were a toy of Xom.
You visited 1 branch of the dungeon, and saw 1 of its levels.

You collected 45 gold pieces.

Inventory:

Hand Weapons
 a - a +0 hand axe of chaos (weapon)
Missiles
 c - a javelin (quivered)
Armour
 b - a +2 leather armour (worn)
Jewellery
 g - a +6 ring of intelligence (left hand)
Potions
 e - a potion of lignification
 i - a potion of mutation {unknown}


   Skills:
 + Level 3.4 Fighting
 + Level 3.3 Axes
 + Level 2.1 Armour
 + Level 1.1 Dodging


You had 2 spell levels left.
You didn't know any spells.
Your spell library contained the following spells:

 Spells                   Type           Power      Damage    Failure   Level
 Animate Skeleton         Necr           0%         N/A       26%         1
 Apportation              Tloc           0%         N/A       26%         1
 Summon Small Mammal      Summ           0%         N/A       26%         1


Dungeon Overview and Level Annotations

Branches:
Dungeon (1/15)

Altars:

Shops:
D:1 *


Innate Abilities, Weirdness & Mutations

You have a pair of small horns on your head.


Message History

The endoplasm quivers.
The endoplasm freezes you.
You are frozen.
* * * LOW HITPOINT WARNING * * *
The endoplasm hits you but does no damage.
A goblin comes into view. It is wielding a +0 dagger.
The endoplasm misses you.
You barely miss the endoplasm.
The goblin shouts!
You hit the plant.
The plant begins to die.
The endoplasm freezes you.
You are frozen.
* * * LOW HITPOINT WARNING * * *
You barely miss the endoplasm. You hit the plant. The endoplasm freezes you.
You are frozen.
* * * LOW HITPOINT WARNING * * *
You hit the endoplasm. You freeze the endoplasm.
The endoplasm is almost dead.
You hit the plant. You freeze the plant. The endoplasm freezes you.
You are frozen.
* * * LOW HITPOINT WARNING * * *
Throw: 3 javelins
Press: ? - help, Q - select action Shift-Dir - straight line, f - endoplasm
Aim: an endoplasm (almost dead, 85% to hit)
You throw a javelin.
The javelin pierces through the endoplasm.
You kill the endoplasm!
A nearby plant withers and dies.
Throw: 2 javelins
Press: ? - help, Q - select action Shift-Dir - straight line, f - goblin
Aim: a goblin, wielding a +0 dagger (50% to hit)
You throw a javelin. The javelin barely misses the goblin.
You hear a splash.
Unknown command.
You barely miss the goblin. The goblin closely misses you.
The goblin hits you with a +0 dagger.
You die...
Xom yawns loudly!

###### ###
...... #..
...... #.#
#...... #.#
..P....
#.#####.P≈≈≈P.
#....(.P≈.≈≈≈P
#.###...≈≈P≈≈#
#.#
#@.≈.≈≈≈♣.#
#.#
#g.♣≈≈≈≈≈P#
#.#
##.≈♣≈≈≈≈.#
#†# #P≈≈≈≈≈..#
#.# #♣(.≈P≈≈P#
#.# #.≈♣.≈.≈##
#.#
##...≈≈P..#
#.# #..†.....#
#.# #.#†....##


You could see a goblin.

Vanquished Creatures
  2 dart slugs (D:1)
  2 endoplasms (D:1)
  A giant cockroach (D:1)
  7 hobgoblins (D:1)
  2 quokkas (D:1)
  4 ball pythons (D:1)
  2 bats (D:1)
  2 kobolds (D:1)
  2 rats (D:1)
24 creatures vanquished.

Vanquished Creatures (others)
  2 plants (D:1)
2 creatures vanquished.

Grand Total: 26 creatures vanquished

Notes
Turn   | Place    | Note
-------+----------+-------------------------------------------
     0 | D:1      | cheechan the Demonspawn Chaos Knight began the quest for
                  | the Orb.
     0 | D:1      | Reached XP level 1. HP: 18/18 MP: 1/1
     2 | D:1      | XOM: divination: detect items
    64 | D:1      | Gained mutation: You have a pair of small horns on your
                  | head. [demonic ancestry]
    64 | D:1      | Reached XP level 2. HP: 17/24 MP: 2/2
   143 | D:1      | Reached skill level 1 in Dodging
   178 | D:1      | Found Ceunkaos's Assorted Antiques.
   308 | D:1      | Reached XP level 3. HP: 12/29 MP: 3/3
   416 | D:1      | HP: 1/29 [frozen (2)]
   419 | D:1      | Slain by a goblin

Illustrated notes

Levels and vault maps discovered:
D:1:      wander_arrival_abandoned_jail, layout_rooms, serial_shops,
          nicolae_shop_hallway_plus, grunt_decor_one_mirror,
          serial_bayou_pond_b, minmay_pentomino_t2

Skill      XL: |  1  2 |
---------------+-------+-----
Axes           | 3 |  3.3
Armour         | 2 |  2.1
Dodging        | 1 |  1.1
Fighting       | |  3.4

Action                   || total
-------------------------++-------
Melee: Hand axe          ||    64
       Headbutt          ||     8
Throw: Javelin           ||     2
  Use: Scroll            ||     5
Armor: Leather armour    ||    27
Dodge: Dodged            ||    43

Table legend: (Time is in decaauts)
 A = Elapsed time spent in this place.
 B = Non-inter-level travel time spent in this place.
 C = Inter-level travel time spent in this place.
 D = Time resting spent in this place.
 E = Time spent auto-exploring this place.
 F = Levels seen in this place.
 G = Mean time per level.
                   A        B        C        D        E       F      G
               +--------+--------+--------+--------+--------+-----+--------+
         Total |    428 |    428 |      0 |      0 |      0 |   1 |  428.0 |
       Dungeon |    428 |    428 |      0 |      0 |      0 |   1 |  428.0 |
               +--------+--------+--------+--------+--------+-----+--------+

Top non-repeatable levels by time:
     D:1: 428 daAuts
